 Dungeon Crawl Stone Soup version 0.28.0-45-g0d030f2227 (webtiles) character file.

Game seed: 16136334389170596175

207 Ablot the Grasshopper (level 5, -6/43 HPs)
             Began as a Gnoll Warper on Apr 1, 2022.
             Mangled by an iguana (11 damage)
             ... on level 4 of the Dungeon.
             The game lasted 00:03:37 (3913 turns).

Ablot the Grasshopper (Gnoll Warper)                Turns: 3913, Time: 00:03:38

Health: -6/43      AC:  4    Str: 12    XL:     5   Next: 85%
Magic:  10/12      EV: 13    Int: 13    God:
Gold:   41         SH:  0    Dex: 11    Spells: 12/14 levels left

rFire   + . .      SeeInvis .   a - +0 spear
rCold   . . .      Faith    .   (no shield)
rNeg    . . .      Spirit   .   b - +0 leather armour
rPois   .          Reflect  .   (no helmet)
rElec   .          Harm     .   (no cloak)
rCorr   .          Rampage  .   m - +0 pair of gloves
Will    .....                   (no boots)
Stlth   +.........              (no amulet)
HPRegen 0.14/turn               s - ring of protection from fire
MPRegen 0.13/turn               (no ring)

@: no status effects
A: fangs 1, strong nose, distributed training
a: no special abilities


You were on level 4 of the Dungeon.
You visited 1 branch of the dungeon, and saw 4 of its levels.

You collected 81 gold pieces.
You spent 40 gold pieces at shops.

Inventory:

Hand Weapons
 a - a +0 spear (weapon)
 q - a +3 short sword
Missiles
 d - 5 boomerangs of dispersal (quivered)
 g - 83 stones
 l - 20 sling bullets
Armour
 b - a +0 leather armour (worn)
 m - a +0 pair of gloves (worn)
Jewellery
 s - a ring of protection from fire (left hand)
Wands
 p - a wand of flame (6)
Scrolls
 c - 3 scrolls of blinking
 e - a scroll of teleportation {unknown}
 j - a scroll of enchant weapon {unknown}
 k - 2 scrolls of identify {unknown}
 o - a scroll of holy word {unknown}
 t - a scroll of noise {unknown}
Potions
 f - 2 potions of heal wounds {unknown}
 h - 3 potions of curing {unknown}
 i - a potion of berserk rage {unknown}
 n - 2 potions of attraction {unknown}


   Skills:
 + Level 4.8 Fighting
 + Level 1.6 Short Blades
 + Level 1.6 Long Blades
 + Level 1.6 Axes
 + Level 1.6 Maces & Flails
 + Level 4.8 Polearms
 + Level 1.6 Staves
 + Level 1.6 Slings
 + Level 1.6 Bows
 + Level 1.6 Crossbows
 + Level 3.1 Throwing
 + Level 3.1 Armour
 + Level 4.8 Dodging
 + Level 1.6 Stealth
 + Level 1.6 Shields
 + Level 1.6 Unarmed Combat
 + Level 5.2 Spellcasting
 + Level 1.3 Conjurations
 + Level 1.3 Hexes
 + Level 1.3 Summonings
 + Level 1.3 Necromancy
 + Level 5.6 Translocations
 + Level 1.3 Transmutations
 + Level 1.3 Fire Magic
 + Level 1.3 Ice Magic
 + Level 1.3 Air Magic
 + Level 1.3 Earth Magic
 + Level 1.3 Poison Magic
 + Level 1.9 Invocations
 + Level 1.6 Evocations


You had 12 spell levels left.
You knew the following spells:

 Your Spells              Type           Power      Damage    Failure   Level
a - Blink                 Tloc           36%        N/A       3%          2

Your spell library contained the following spells:

 Spells                   Type           Power      Damage    Failure   Level
 Gell's Gravitas          Tloc           18%        N/A       7%          3
 Lesser Beckoning         Tloc           18%        N/A       7%          3
 Teleport Other           Tloc           18%        N/A       7%          3
 Manifold Assault         Tloc           18%        N/A       54%         5


Dungeon Overview and Level Annotations

Branches:
Dungeon (4/15)
 Temple: D:4-7

Altars:

Shops:
D:2 *   D:3 ((


Innate Abilities, Weirdness & Mutations

You have very sharp teeth.
Your uncanny sense of smell can sniff out nearby items.
Your experience applies equally to all skills.


Message History

You hit the iguana.
The iguana is moderately wounded.
The iguana bites you!
* * * LOW HITPOINT WARNING * * *
You hit the iguana.
The iguana is heavily wounded.
The iguana bites you.
* * * LOW HITPOINT WARNING * * *
You hit the iguana.
The iguana is heavily wounded.
The iguana completely misses you.
Casting: Blink (safe; 3% risk of failure)
Confirm with . or Enter, or press ? or * to list all spells.
You blink.
Throw: 4 darts (poison)
Press: ? - help, Q - select action, (/) - cycle Shift-Dir - straight line, f - iguana
Aim: an iguana (heavily wounded, 63% to hit)
You throw a poisoned dart.
The poisoned dart barely misses the iguana.
Unknown command.
Throw: 3 darts (poison)
Press: ? - help, Q - select action, (/) - cycle Shift-Dir - straight line, f/p - iguana
Aim: an iguana (heavily wounded, 63% to hit)
You throw a poisoned dart. The poisoned dart hits the iguana.
The iguana is poisoned.
The iguana is heavily wounded.
Throw: 2 darts (poison)
Press: ? - help, Q - select action, (/) - cycle Shift-Dir - straight line, f/p - iguana
Aim: an iguana (heavily wounded, poisoned, 63% to hit)
You throw a poisoned dart.
The poisoned dart barely misses the iguana.
Unknown command.
You feel stable enough to blink again.
Throw: dart (poison)
Press: ? - help, Q - select action, (/) - cycle Shift-Dir - straight line, f/p - iguana
Aim: an iguana (severely wounded, poisoned, 63% to hit)
You throw a poisoned dart. The poisoned dart hits the iguana.
The iguana is severely wounded.
The iguana looks more healthy.
The iguana bites you!
You die...

## ### .... ... #
..# #.###.### #.#
#†.......
##.####(...>...
####..>.<..#######
# ......(<...#
#.####..####.#
#..@l...# #.#
#.####..# #.# #
..# #.# ..# #.#
..# #.# .## .# .#
.# ∆


You could see an iguana.

Vanquished Creatures
  A centaur zombie (D:3)
  An orc priest (D:3)
  An orc wizard (D:2)
  A hound skeleton (D:2)
  4 adders
  2 worms (D:2)
  3 orcs
  6 bats
  6 endoplasms
  2 giant cockroaches (D:1)
  6 goblins
  5 hobgoblins
  2 quokkas
  2 ball pythons
  6 frilled lizards
  8 kobolds
  11 rats
67 creatures vanquished.

Vanquished Creatures (others)
  A dart slug (D:1)
  A goblin (D:1)
2 creatures vanquished.

Grand Total: 69 creatures vanquished

Notes
Turn   | Place    | Note
-------+----------+-------------------------------------------
     0 | D:1      | Ablot the Gnoll Warper began the quest for the Orb.
     0 | D:1      | Reached XP level 1. HP: 20/20 MP: 6/6
   389 | D:1      | Reached XP level 2. HP: 26/26 MP: 7/7
   392 | D:1      | Learned a level 2 spell: Blink
  1236 | D:2      | Reached XP level 3. HP: 31/31 MP: 9/9
  1294 | D:2      | Reached skill level 5 in Spellcasting
  1323 | D:2      | Reached skill level 1 in Invocations
  1657 | D:2      | Reached skill level 1 in Short Blades
  1657 | D:2      | Reached skill level 1 in Long Blades
  1657 | D:2      | Reached skill level 1 in Axes
  1657 | D:2      | Reached skill level 1 in Maces & Flails
  1657 | D:2      | Reached skill level 1 in Staves
  1657 | D:2      | Reached skill level 1 in Slings
  1657 | D:2      | Reached skill level 1 in Bows
  1657 | D:2      | Reached skill level 1 in Crossbows
  1657 | D:2      | Reached skill level 1 in Stealth
  1657 | D:2      | Reached skill level 1 in Shields
  1657 | D:2      | Reached skill level 1 in Unarmed Combat
  1657 | D:2      | Reached skill level 1 in Evocations
  1734 | D:2      | Found a faded altar of an unknown god.
  1820 | D:2      | Reached XP level 4. HP: 33/38 MP: 11/11
  2278 | D:2      | Found Attijep's Assorted Antiques.
  2323 | D:2      | Bought a scroll labelled ODES EFEMU for 23 gold pieces
  2413 | D:2      | Reached skill level 1 in Conjurations
  2413 | D:2      | Reached skill level 1 in Hexes
  2413 | D:2      | Reached skill level 1 in Summonings
  2413 | D:2      | Reached skill level 1 in Necromancy
  2413 | D:2      | Reached skill level 1 in Transmutations
  2413 | D:2      | Reached skill level 1 in Fire Magic
  2413 | D:2      | Reached skill level 1 in Ice Magic
  2413 | D:2      | Reached skill level 1 in Air Magic
  2413 | D:2      | Reached skill level 1 in Earth Magic
  2413 | D:2      | Reached skill level 1 in Poison Magic
  2794 | D:3      | Reached XP level 5. HP: 27/43 MP: 12/12
  3174 | D:3      | Found Jamnunu's Weapon Shop.
  3195 | D:3      | Bought 4 poisoned darts for 17 gold pieces
  3199 | D:3      | Found Lekhlimm's Antique Weapon Shoppe.
  3913 | D:4      | Mangled by an iguana

Illustrated notes

Levels and vault maps discovered:
D:1:      amcnicky_arrival_wind_blow, layout_loops_ring, st_stairs_6,
          lemuel_flame_loot_1
D:2:      layout_loops_corners, chequers_ecumenical_altar_twisty, serial_shops,
          nicolae_shop_window_shopping, kennysheep_generic_room_9
D:3:      layout_rooms, serial_shops, shop, nicolae_shop_waterfront
D:4:      layout_loops_ring, minmay_ruined_shrine

Skill      XL: |  1  2  3  4  5 |
---------------+----------------+-----
Spellcasting   | 5 |  5.2
Invocations    | 1 |  1.9
Short Blades   | 1 |  1.6
Long Blades    | 1 |  1.6
Axes           | 1 |  1.6
Maces & Flails | 1 |  1.6
Staves         | 1 |  1.6
Slings         | 1 |  1.6
Bows           | 1 |  1.6
Crossbows      | 1 |  1.6
Stealth        | 1 |  1.6
Shields        | 1 |  1.6
Unarmed Combat | 1 |  1.6
Evocations     | 1 |  1.6
Conjurations   | 1 |  1.3
Hexes          | 1 |  1.3
Summonings     | 1 |  1.3
Necromancy     | 1 |  1.3
Transmutations | 1 |  1.3
Fire Magic     | 1 |  1.3
Ice Magic      | 1 |  1.3
Air Magic      | 1 |  1.3
Earth Magic    | 1 |  1.3
Poison Magic   | 1 |  1.3
Throwing       | 3 |  3.1
Armour         | 3 |  3.1
Fighting       | |  4.8
Polearms       | |  4.8
Dodging        | |  4.8
Translocations | |  5.6

Action                   |  1- 3 |  4- 6 || total
-------------------------+-------+-------++-------
Melee: Spear             |   115 |   157 ||   272
       Punch             |     5 |     5 ||    10
       Bite              |     8 |    12 ||    20
Throw: Dart              |       |     4 ||     4
 Cast: Blink             |       |     1 ||     1
Evoke: Wand              |       |     3 ||     3
 Stab: Sleeping          |     3 |     3 ||     6
Armor: Leather armour    |    21 |    42 ||    63
Dodge: Dodged            |    40 |    73 ||   113
